 Dungeon Crawl Stone Soup version 0.21-a0-140-g479285b (webtiles) character file.

133 kuniqs the Firebug (level 5, -2/28 HPs)
             Began as a Gargoyle Fire Elementalist on July 21, 2017.
             Slain by a hobgoblin (4 damage)
             ... on level 3 of the Dungeon.
             The game lasted 00:04:18 (2327 turns).

kuniqs the Firebug (Gargoyle Fire Elementalist)     Turns: 2327, Time: 00:04:19

Health: -2/28      AC:  8    Str: 11    XL:     5   Next: 16%
Magic:  1/8        EV: 12    Int: 17    God:
Gold:   51         SH:  0    Dex: 10    Spells: 2/8 levels left

rFire    + . .     SeeInvis .   s - +1 falchion
rCold    x . .     Gourm    .   (no shield)
rNeg     + . .     Faith    .   a - +0 robe
rPois    ∞         Spirit   .   (no helmet)
rElec    +         Reflect  .   (no cloak)
rCorr    .         Harm     .   (no gloves)
MR       .....                  u - +1 pair of boots {Stlth+}
Stlth    +++.......             (no amulet)
HPRegen  0.09/turn              c - ring of fire
MPRegen  0.11/turn              (no ring)

@: very slightly contaminated
A: negative energy resistance 1, electricity resistance, unbreathing,
petrification resistance, rot immunity, AC +4
a: no special abilities


You were on level 3 of the Dungeon.
You were not hungry.

You visited 1 branch of the dungeon, and saw 3 of its levels.

You collected 51 gold pieces.

Inventory:

Hand Weapons
 s - a +1 falchion (weapon)
Missiles
 m - 124 stones (quivered)
Armour
 a - a +0 robe (worn)
 u - a +1 pair of boots of stealth (worn)
Jewellery
 c - a ring of fire (left hand)
Wands
 e - a wand of paralysis (23/24)
Scrolls
 g - 2 scrolls of fear {unknown}
 h - a scroll of fog {unknown}
 i - a scroll of recharging
 j - a scroll of enchant weapon
 k - a scroll of identify {@r1}
 l - a scroll of random uselessness {unknown}
 q - a scroll of enchant armour {unknown}
 r - 2 scrolls of magic mapping {unknown}
 t - a scroll of immolation {unknown}
Potions
 n - a potion of magic {unknown}
 o - a potion of curing {unknown}
 p - a potion of lignification {unknown}
 v - a potion of flight {unknown}
Books
 b - a book of Flames

   Spells                             Type                      Level
   a - Flame Tongue                   Conjuration/Fire             1
   b - Throw Flame                    Conjuration/Fire             2
   c - Conjure Flame                  Conjuration/Fire             3
   d - Inner Flame                    Hexes/Fire                   3
   e - Sticky Flame                   Conjuration/Fire             4
   f - Fireball                       Conjuration/Fire             5
Comestibles
 d - 3 bread rations
 f - 4 fruits
 w - 4 chunks of flesh


   Skills:
 + Level 2.4 Dodging
 + Level 3.1 Stealth
 - Level 2.0 Spellcasting
 + Level 2.9 Conjurations
 + Level 4.0 Fire Magic


You had 2 spell levels left.
You knew the following spells:

 Your Spells              Type           Power        Failure   Level  Hunger
a - Flame Tongue          Conj/Fire      ###..        4%          1    #......
b - Throw Flame           Conj/Fire      ###...       7%          2    ###....
c - Conjure Flame         Conj/Fire      ###.....     14%         3    ###....


Dungeon Overview and Level Annotations

Branches:
Dungeon (3/15)

Altars:


Innate Abilities, Weirdness & Mutations

You are resistant to torment.
Your stone body is resilient. (AC +4)
You are immune to poison.
You resist negative energy. (rN+)
You are resistant to electric shocks. (rElec)
You can survive without breathing.
You are immune to petrification.
You are immune to rotting.


Message History

You have reached level 5!
The hobgoblin barely misses you. The orc closely misses you.
You riposte.
You hit the orc but do no damage. The orc misses you.
The orc wizard barely misses you.
You riposte.
You barely miss the orc wizard. The orc barely misses you.
You riposte.
You hit the orc. The orc misses you. The orc hits you but does no damage.
The hobgoblin closely misses you.
Aim: an orc, wielding a club (almost dead, chance to defeat MR: 63%)
The orc resists with significant effort.
This wand has 23 charges left.
The orc wizard closely misses you.
You riposte.
You closely miss the orc wizard. The orc completely misses you.
The orc closely misses you.
You riposte.
You hit the orc. The hobgoblin hits you.
* * * LOW HITPOINT WARNING * * *
The orc hits you but does no damage. The orc wizard casts a spell at you.
The puff of flame hits you! You resist.
* * * LOW HITPOINT WARNING * * *
The orc hits you but does no damage. The orc barely misses you.
You riposte.
You hit the orc. The hobgoblin hits you.
You die...

#..##.## #<##
#.....# #..#
#...### ##.###
......# #...#
..##... ###.##
.. ...#. #..# .
. #####.
#####.####... .
. #...ooo......
#...o@g....##
#..........#
#$.........#
#........$..#
#..........#.#
..#...##...#..#
...#.. ..#..^#
...#. .#....#


You could see an orc wizard, 3 orcs and a hobgoblin.

Vanquished Creatures
  An orc priest (D:3)
  3 gnolls (D:2)
  2 adders (D:2)
  A worm (D:2)
  A dart slug (D:2)
  6 bats
  4 giant cockroaches
  6 goblins
  7 hobgoblins
  7 jackals
  A ball python (D:1)
  4 frilled lizards
  3 kobolds
  5 rats
51 creatures vanquished.

Notes
Turn   | Place    | Note
-------+----------+-------------------------------------------
     0 | D:1      | kuniqs the Gargoyle Fire Elementalist began the quest for the Orb.
     0 | D:1      | Reached XP level 1. HP: 10/10 MP: 3/3
   184 | D:1      | Reached XP level 2. HP: 15/15 MP: 3/5
   767 | D:1      | Reached XP level 3. HP: 17/19 MP: 1/6
  1096 | D:2      | Learned a level 2 spell: Throw Flame
  1278 | D:2      | Reached XP level 4. HP: 18/24 MP: 0/7
  2106 | D:2      | Learned a level 3 spell: Conjure Flame
  2325 | D:3      | Reached skill level 4 in Fire Magic
  2325 | D:3      | Reached XP level 5. HP: 9/28 MP: 1/8
  2327 | D:3      | Slain by a hobgoblin

Vault maps used:
D:1:      lightli_arrival_statue_moat, grunt_decor_mini_mirrors
D:2:      serial_forest, infiniplex_forest_straight_3,
          infiniplex_forest_straight_4, infiniplex_forest_lined_3,
          infiniplex_forest_straight_4, infiniplex_forest_clump_large,
          infiniplex_forest_clump_long, mrwooster_statue_mirror
D:3:      nrook_mini_vaults, minivault_26, uniq_natasha

Skill      XL: |  1  2  3  4 |
---------------+-------------+-----
Conjurations   | 2 |  2.9
Dodging        | 2 |  2.4
Stealth        | 3 |  3.1
Fire Magic     | 4 |  4.0
Spellcasting   | |  2.0

Action                   |  1- 3 |  4- 6 || total
-------------------------+-------+-------++-------
Melee: Dagger            |    10 |       ||    10
       Short sword       |    24 |       ||    24
       Unarmed           |     2 |       ||     2
       Falchion          |       |    13 ||    13
 Cast: Flame Tongue      |    54 |    33 ||    87
Evoke: Wand              |       |     1 ||     1
  Use: Scroll            |       |     3 ||     3
  Eat: Chunk             |     2 |     4 ||     6
Armor: Robe              |    13 |    14 ||    27
Dodge: Dodged            |    49 |    38 ||    87
       Rpst.: Falchion   |       |    14 ||    14
